 Dungeon Crawl Stone Soup version 0.14.0-6-g1bc2dff (webtiles) character file.

2257 RogerD the Ducker (level 8, -2/75 HPs)
             Began as a Troll Fighter on Apr 11, 2014.
             Was a Follower of Dithmenos.
             Killed from afar by Dowan (21 damage)
             ... with a shard of ice
             ... on Level 7 of the Dungeon.
             The game lasted 01:52:57 (5416 turns).

RogerD the Ducker (Troll Fighter)                   Turns: 5416, Time: 01:52:57

HP  -2/75        AC  6     Str 32      XL: 8   Next: 94%
MP   3/3         EV 10     Int  4      God: Dithmenos [*.....]
Gold 349         SH 21     Dex  9      Spells:  0 memorised,  7 levels left

rFire  + . .     SeeInvis .     l - +1,+3 war axe (freeze)
rCold  . . .     Clarity  .     m - +1 robe {rF+}
rNeg   . . .     Conserve .     c - +0 shield
rPois  .         rCorr    .     (helmet restricted)
rElec  .         rRot     .     (no cloak)
SustAb . .       Spirit   .     (gloves unavailable)
rMut   .         Warding  .     (boots unavailable)
Gourm  +         Stasis   .     (no amulet)
MR     .....                    (no ring)
                                (no ring)

@: mighty, wreathed by umbra, not resistant to hostile enchantments, unstealthy
A: unfitting armour, claws 3, fast metabolism 3, gourmand, regeneration 2,
saprovore 2, shaggy fur 1, tough skin 2
a: Renounce Religion


You were on level 7 of the Dungeon.
You worshipped Dithmenos.
Dithmenos was aware of your devotion.
You were not hungry.

You visited 2 branches of the dungeon, and saw 8 of its levels.

You collected 349 gold pieces.

Inventory:

Hand weapons
 h - a +1,+0 flail of protection
 l - a +1,+3 war axe of freezing (weapon)
 u - a +2,+1 dagger of draining
 J - a +0,+0 trident
Missiles
 M - a throwing net (quivered)
Armour
 b - a +0 robe
 c - a +0 shield (worn)
 m - a +1 robe of fire resistance (worn)
Magical devices
 g - a wand of cold (8) {unknown}
 t - a wand of cold (7) {unknown}
 v - a wand of digging (4) {unknown}
 C - a wand of cold (6) {unknown}
 E - a wand of slowing (16) {unknown}
 K - a wand of fire (6) {unknown}
Comestibles
 a - a choko
 d - 2 meat rations
 j - 2 apples
 s - 2 chunks of centaur flesh
 z - 3 bread rations
 A - a rambutan
Scrolls
 n - 3 scrolls of remove curse
 o - 2 scrolls of amnesia
 p - 2 scrolls of teleportation
 q - a scroll of identify
 y - a scroll of random uselessness {unknown}
 B - a scroll of enchant armour {unknown}
Jewellery
 D - an uncursed ring of fire {unknown}
 G - an uncursed ring of protection from magic {unknown}
Potions
 e - 3 potions of might
 f - a potion of haste {unknown}
 k - 2 potions of agility
 w - 2 potions of cure mutation {unknown}
 x - 2 potions of invisibility {unknown}
 F - a potion of resistance {unknown}
 H - 2 potions of poison {unknown}
Books
 I - a book of the Warp

   Spells                             Type                      Level
   Control Teleport                   Charms/Translocation         4
   Phase Shift                        Translocation                5
   Warp Weapon                        Charms/Translocation         5
   Summon Forest                      Summoning/Translocation      5
   Dispersal                          Translocation                6
   Controlled Blink                   Translocation                7
   Disjunction                        Translocation                8


   Skills:
 + Level 3.5 Fighting
 + Level 1.0 Short Blades
 + Level 3.4 Axes
 + Level 2.7 Maces & Flails
 + Level 4.5 Throwing
 + Level 6.1 Dodging
 + Level 0.5 Stealth
 + Level 5.1 Shields


You had 7 spell levels left.
You didn't know any spells.

Dungeon Overview and Level Annotations

Branches:
Dungeon (7/15)             Temple (1/1) D:6

Altars:
Ashenzari
Cheibriados
Dithmenos
Elyvilon
Kikubaaqudgha
Makhleb
Nemelex Xobeh
Okawaru
Sif Muna
Trog
Xom
Yredelemnul
Zin
The Shining One

Shops:
D:7 *

Annotations:
D:7 Dowan


Innate Abilities, Weirdness & Mutations

You are too large for most types of armour.
You have claws for hands.
Your metabolism is lightning-fast.
You like to eat raw meat.
You heal very quickly.
You can eat rotten meat.
You are covered in fur (AC +1).
You have very tough skin (AC +2).


Message History

You block the centaur's attack.
Dowan mumbles some strange words.
Dowan blinks!
The centaur hits you but does no damage.
You slice the centaur!! You freeze the centaur.
You kill the centaur!
Dithmenos accepts your kill.
Your life force feels restored.
Dowan mumbles some strange words.
Dowan blinks!
Dowan gestures wildly while chanting.
Dowan blinks!
Dowan misses you.
You closely miss Dowan. Dowan hits you with a dagger.
* * * LOW HITPOINT WARNING * * *
Dowan closely misses you.
You slash Dowan! You freeze Dowan.
Dowan is severely wounded.
Dowan gestures at you while chanting. The shard of ice hits you!
You die...

.................................
[........#.......................
).......###......................
.........#............(..%.......
)......................(.........
...................<...#######...
#.........[..((.....((## ##..
.............((((..((.# #..
..............))@..[..# #..
#.#..>........(..e....# #.%.
##............(...^..## ####..
....#...............#####..####
#.. .#......(................##
#..............(........##
###...................#.#
#.....(.............##
#?...?.(.............#


You could see Dowan.

Vanquished Creatures
  A steam dragon (D:7)
  An orc warrior (D:6)
  A water moccasin (D:5)
  2 ice beasts (D:7)
  4 centaurs
  2 ogres
  Duvessa (D:7)
  A water moccasin zombie (D:7)
  3 scorpions (D:7)
  2 goliath beetles (D:7)
  An orc priest (D:7)
  2 hounds (D:5)
  5 orc wizards
  4 worker ants
  3 gnolls (D:7)
  5 adders
  2 worms
  An adder zombie (D:7)
  A giant gecko (D:4)
  15 orcs
  12 bats
  4 giant cockroaches
  13 goblins
  8 hobgoblins
  16 jackals
  2 oozes (D:1)
  2 quokkas
  4 ball pythons
  5 giant newts
  7 kobolds
  A kobold skeleton (D:6)
  A quokka skeleton (D:5)
  9 rats
141 creatures vanquished.

Notes
Turn   | Place    | Note
--------------------------------------------------------------
     0 | D:1      | RogerD, the Troll Fighter, began the quest for the Orb.
     0 | D:1      | Reached XP level 1. HP: 22/22 MP: 1/1
   172 | D:1      | Reached XP level 2. HP: 29/29 MP: 1/1
   633 | D:2      | Reached XP level 3. HP: 36/36 MP: 2/2
   864 | D:1      | Reached skill level 3 in Dodging
  1421 | D:3      | HP: 1/36 [something/puff of flame (8)]
  1431 | D:3      | Reached XP level 4. HP: 12/44 MP: 2/2
  2494 | D:4      | Noticed an ogre
  2562 | D:4      | Killed an ogre
  2562 | D:4      | Reached skill level 1 in Throwing
  2562 | D:4      | Reached XP level 5. HP: 18/50 MP: 2/2
  2788 | D:4      | Reached XP level 6. HP: 53/59 MP: 3/3
  3085 | D:5      | Entered Level 5 of the Dungeon
  3137 | D:5      | Reached skill level 1 in Short Blades
  3137 | D:5      | Reached skill level 4 in Dodging
  3407 | D:5      | Found a glowing silver altar of Zin.
  3602 | D:5      | Found a glowing golden altar of the Shining One.
  3603 | D:5      | Found a shadowy altar of Dithmenos.
  3609 | D:5      | Became a worshipper of Dithmenos the Shadowed
  3614 | D:5      | Found a shimmering altar of Xom.
  3615 | D:5      | Found a sparkling altar of Nemelex Xobeh.
  3638 | D:5      | Found a deep blue altar of Sif Muna.
  3780 | D:5      | Noticed a water moccasin
  3789 | D:5      | Killed a water moccasin
  3789 | D:5      | Reached XP level 7. HP: 61/66 MP: 3/3
  4281 | D:6      | Found a staircase to the Ecumenical Temple.
  4292 | Temple   | Entered the Ecumenical Temple
  4860 | D:7      | Reached skill level 1 in Axes
  4895 | D:7      | Reached skill level 5 in Dodging
  4976 | D:7      | Reached XP level 8. HP: 67/75 MP: 3/3
  5146 | D:7      | Found Traagio's Assorted Antiques.
  5314 | D:7      | Reached skill level 6 in Dodging
  5314 | D:7      | Reached skill level 5 in Shields
  5388 | D:7      | Noticed Dowan
  5390 | D:7      | Noticed Duvessa
  5399 | D:7      | Killed Duvessa
  5416 | D:7      | Killed from afar by Dowan

Action                   |  1- 3 |  4- 6 |  7- 9 || total
-------------------------+-------+-------+-------++-------
Melee: Flail             |   146 |   126 |       ||   272
       Dagger            |       |    61 |       ||    61
       War axe           |       |    18 |   121 ||   139
Throw: Tomahawk          |    17 |    45 |    50 ||   112
       Throwing net      |       |       |     1 ||     1
  Use: Scroll            |     4 |     5 |       ||     9
       Potion            |     3 |     1 |     6 ||    10
